 Dungeon Sprint DCSS version 0.31-a0-879-g1609e0ac53 (webtiles) character file.

Game seed: 3292702700523170458

676 rocky1 the Nimble (level 7, -4/57 HPs)
             Began as a Djinni Gladiator on Oct 15, 2023.
             Was an Initiate of Gozag.
             Slain by a neqoxec (11 damage)
             ... in the Dungeon (Sprint II: "The Violet Keep of Menkaure").
             The game lasted 00:03:18 (466 turns).

rocky1 the Nimble (Djinni Gladiator)                 Turns: 466, Time: 00:03:19

Health: -4/57      AC:  4    Str: 13      XL:     7   Next: 91%
Gold:   720        EV: 17    Int:  4 (9)  God:    Gozag SH:  0 Dex: 15

rFire   + + .        a - +0 long sword
rCold   x . .        (no shield)
rNeg    . . .        b - +0 leather armour
rPois   ∞            c - +0 helmet
rElec   .            (no cloak)
rCorr   .            (no gloves)
SInv    .            (boots unavailable)
Will    .....        (no amulet)
Stlth   +            (no ring)
HPRegen 0.29/turn    (no ring)
MPRegen 0.00/turn

%: no teleportation, clarity, infuse magic (-5 HP)
@: gold aura, flying, hasted, very quick
A: sickness immunity, fire resistance 2, cold vulnerability 1, float, innate
caster, HP casting, extra vitality 1, clarity, clumsy 1
a: Renounce Religion, Potion Petition, Call Merchant, Bribe Branch


You were in the Dungeon.
You worshipped Gozag.
Gozag was pleased with you.
You visited 1 branch You collected 720 gold pieces.

Inventory:

Hand Weapons
 a - a +0 long sword (weapon)
Missiles
 d - 3 throwing nets (quivered)
 e - a javelin
Armour
 b - a +0 leather armour (worn)
 c - a +0 helmet (worn)
Scrolls
 j - a scroll of blinking
Potions
 f - a potion of curing
 g - a potion of heal wounds


   Skills:
 + Level 6.3 Fighting
 + Level 9.9 Long Blades
 - Level 2.5 Throwing
 + Level 2.6 Armour
 + Level 10.5 Dodging
 * Level 2.6 Spellcasting
 * Level 2.6 Conjurations
 * Level 2.6 Hexes
 * Level 2.6 Summonings
 * Level 2.6 Necromancy
 * Level 2.6 Translocations
 * Level 2.6 Transmutations
 * Level 2.6 Fire Magic
 * Level 2.6 Ice Magic
 * Level 2.6 Air Magic
 * Level 2.6 Earth Magic
 * Level 2.6 Poison Magic


You knew the following spells:

 Your Spells              Type           Power      Damage    Failure   Level
a - Sandblast             Erth           4%         2d4       19%         1
b - Call Imp              Summ           4%         N/A       28%         2
c - Ozocubu's Armour      Ice            2%         N/A       50%         3
Your spell library was empty.

Dungeon Overview and Level Annotations

Branches:
Dungeon (1/1)

Altars:
Cheibriados
Dithmenos
Elyvilon
Fedhas
Gozag
Hepliaklqana
Makhleb
Nemelex Xobeh
Okawaru
Qazlal
Ru
Trog
Uskayaw
Wu Jian
Xom
Yredelemnul
Zin
The Shining One
Jiyva
Lugonu

Shops:
D :*![?!?=(![

Annotations:
D exclusion: orange crystal statue


Innate Abilities, Weirdness & Mutations

You are immune to sickness and miasma.
You are immune to poison.
Your flesh is very heat resistant. (rF++)
You are vulnerable to cold. (rC-)
You float through the air rather than walking.
You learn spells naturally, not from books.
Your magical power is your life essence.
You have superior vitality. (+4 MHP)
You possess an exceptional clarity of mind.
You are clumsy. (Dex -2)


Message History

Unknown command.
You closely miss the neqoxec.
The neqoxec is almost dead.
The neqoxec barely misses you. The neqoxec hits you.
The neqoxec gestures at you.
Something tries to feed on your intellect!
The neqoxec gestures at you.
Strange energies course through your body.
Your thoughts seem clearer.
You barely miss the neqoxec.
The neqoxec is almost dead.
The neqoxec barely misses you. The neqoxec gestures at you.
You feel dopey. Something feeds on your intellect! The neqoxec gestures at you.
You feel dopey. Something feeds on your intellect!
You hit the neqoxec.
You kill the neqoxec!
You feel your intelligence returning.
A neqoxec breaks down the door.
You see here 54 gold pieces.
Unknown command.
The neqoxec hits you!
* * * LOW HITPOINT WARNING * * *
The neqoxec gestures at you.
Something tries to feed on your intellect!
You see here 54 gold pieces.
You slash the neqoxec!
The neqoxec is moderately wounded.
The neqoxec gestures at you.
Something tries to feed on your intellect!
The neqoxec hits you!
* * * LOW HITPOINT WARNING * * *
The neqoxec closely misses you.
The neqoxec is distracted by your dazzling golden aura.
The neqoxec hits you!
You die...
Your body crumbles into a pile of gold.

......#~~~~.##'##..#
.....∩#~~~~###..##.####
∩...∩.#~~~~#.##..# ...#
.∩.∩.∩#~~####.#.####..##
∩.∩.∩.#~##.# #'###.##..#
.∩.∩..#~#..###.##..##..#
..⌠...'3'$# +.<.'##.'..#
.....3#3#.# ##.##..##...
▓▓▓▓###@##.# #+###.##...
D######~~# #


B#B ###~~.. h ##~~~#.. ..#~~~~~~ #+#~##. .##~~~~~~ ~~## ##~~§≈≈≈~ ~~~ ~~~§§~§≈≈
+++#+++#~≈§≈≈ ≈ ##§≈≈# You could see a fire dragon and 3 neqoxecs.

Vanquished Creatures
  A neqoxec (D)
  Menkaure (D)
  2 water moccasins (D)
  4 scorpions (D)
  3 worms (D)
11 creatures vanquished.

Notes
Turn   | Place    | Note
-------+----------+-------------------------------------------
     0 | D        | rocky1 the Djinni Gladiator began the quest for the Orb.
     0 | D        | Reached XP level 1. HP: 18/18 MP: 0/0
     1 | D        | Noticed a scorpion
     1 | D        | Noticed a scorpion
     1 | D        | Noticed a scorpion
     1 | D        | Noticed a scorpion
     4 | D        | Killed a scorpion
     5 | D        | Reached skill level 5 in Dodging
     5 | D        | Reached XP level 2. HP: 25/25 MP: 0/0
     5 | D        | Reached XP level 3. HP: 30/30 MP: 0/0
     5 | D        | Learned a level 1 spell: Sandblast
     5 | D        | Reached XP level 4. HP: 35/35 MP: 0/0
     6 | D        | Killed a scorpion
     7 | D        | Reached skill level 5 in Long Blades
     7 | D        | Reached skill level 7 in Dodging
     7 | D        | Reached XP level 5. HP: 41/41 MP: 0/0
     7 | D        | Learned a level 2 spell: Call Imp
     9 | D        | Reached skill level 8 in Dodging
    13 | D        | Reached XP level 6. HP: 48/48 MP: 0/0
    59 | D        | Noticed Menkaure
    66 | D        | Killed Menkaure
    67 | D        | Reached skill level 5 in Fighting
    67 | D        | Reached skill level 1 in Armour
    67 | D        | Reached skill level 9 in Dodging
    67 | D        | Reached skill level 1 in Spellcasting
    67 | D        | Reached skill level 1 in Conjurations
    67 | D        | Reached skill level 1 in Hexes
    67 | D        | Reached skill level 1 in Summonings
    67 | D        | Reached skill level 1 in Necromancy
    67 | D        | Reached skill level 1 in Translocations
    67 | D        | Reached skill level 1 in Transmutations
    67 | D        | Reached skill level 1 in Fire Magic
    67 | D        | Reached skill level 1 in Ice Magic
    67 | D        | Reached skill level 1 in Air Magic
    67 | D        | Reached skill level 1 in Earth Magic
    67 | D        | Reached skill level 1 in Poison Magic
    68 | D        | Found a glowing silver altar of Zin.
    69 | D        | Found a glowing golden altar of the Shining One.
    69 | D        | Found a basalt altar of Yredelemnul.
    69 | D        | Found a hide-covered altar of Uskayaw.
    70 | D        | Found a shimmering altar of Xom.
    70 | D        | Found a bloodstained altar of Trog.
    71 | D        | Found an ornate altar of the Wu Jian Council.
    71 | D        | Found a corrupted altar of Lugonu.
    71 | D        | Found a burning altar of Makhleb.
    72 | D        | Found a sacrificial altar of Ru.
    72 | D        | Found a white marble altar of Elyvilon.
    73 | D        | Found a stormy altar of Qazlal.
    73 | D        | Found a viscous altar of Jiyva.
    73 | D        | Found a shadowy altar of Dithmenos.
    74 | D        | Found a hazy altar of Hepliaklqana.
    74 | D        | Found a snail-covered altar of Cheibriados.
    76 | D        | Found a sparkling altar of Nemelex Xobeh.
    76 | D        | Found a blossoming altar of Fedhas.
    77 | D        | Found an opulent altar of Gozag.
    77 | D        | Found an iron altar of Okawaru.
    79 | D        | Noticed a water moccasin
    79 | D        | Noticed a water moccasin
    79 | D        | Noticed a water moccasin
    87 | D        | Became a worshipper of Gozag Ym Sagoz the Greedy
    89 | D        | Noticed an orange crystal statue
   191 | D        | Noticed a boulder beetle
   191 | D        | Noticed a boulder beetle
   337 | D        | Killed a water moccasin
   338 | D        | Reached skill level 10 in Dodging
   338 | D        | Reached XP level 7. HP: 47/54 MP: 0/0
   338 | D        | Learned a level 3 spell: Ozocubu's Armour
   342 | D        | Noticed a water moccasin
   344 | D        | Found Oharat's Distillery.
   344 | D        | Found Egos's Antique Armour Shop.
   364 | D        | Killed a water moccasin
   365 | D        | Found Johegipo's Jewellery Boutique.
   365 | D        | Found Ecsu's Antique Weapon Shop.
   367 | D        | Found Xetsuzyri's Distillery.
   367 | D        | Found Foseydue's Magic Scroll Shop.
   368 | D        | Found Omeol's Magic Scroll Boutique.
   369 | D        | Found Vusell's Distillery.
   369 | D        | Found Rivac's Armour Boutique.
   370 | D        | Found Nunaaxt's General Store.
   370 | D        | Found Cimarohe's Book Boutique.
   372 | D        | Noticed a fire dragon
   441 | D        | Noticed a neqoxec
   441 | D        | Noticed a neqoxec
   441 | D        | Noticed a neqoxec
   441 | D        | Noticed a neqoxec
   455 | D        | Gained mutation: You are clumsy. (Dex -2) [a neqoxec]
   457 | D        | Gained mutation: You possess an exceptional clarity of
                  | mind. [a neqoxec]
   459 | D        | Killed a neqoxec
   466 | D        | Slain by a neqoxec

Illustrated notes

Levels and vault maps discovered:
D:        the_violet_keep_of_menkaure [sprint2_stairs_cluster_1,
          sprint2_shoproom, sprint2_temple, sprint2_basic_supplies,
          sprint2_obstacle_5, sprint2_obstacle_4, sprint2_obstacle_7,
          sprint2_obstacle_3, sprint2_obstacle_1, sprint2_timed_cluster_1,
          sprint2_smallroom_cluster_1, sprint2_smallroom_final_cluster_1,
          sprint2_transparent_cluster_1, sprint2_second_timed_cluster_1,
          sprint2_sniper_area_1, sprint2_heavy_combat_area_1,
          sprint2_mutation_trap_area_1, sprint2_forest_area_1,
          sprint2_light_combat_area_1, sprint2_behind_water_1,
          sprint2_near_end_vault_1]

Skill      XL: |  1  2  3  4  5  6  7 |
---------------+----------------------+-----
Fighting       | 3 4 5 6 |  6.3
Long Blades    | 4 5 7 9 |  9.9
Throwing       | 2 |  2.5
Dodging        | 5 7 8 10 | 10.5
Armour         | 1 2 |  2.6
Spellcasting   | 1 2 |  2.6
Conjurations   | 1 2 |  2.6
Hexes          | 1 2 |  2.6
Summonings     | 1 2 |  2.6
Necromancy     | 1 2 |  2.6
Translocations | 1 2 |  2.6
Transmutations | 1 2 |  2.6
Fire Magic     | 1 2 |  2.6
Ice Magic      | 1 2 |  2.6
Air Magic      | 1 2 |  2.6
Earth Magic    | 1 2 |  2.6
Poison Magic   | 1 2 |  2.6

Action                     |  1- 3 |  4- 6 |  7- 9 || total
---------------------------+-------+-------+-------++-------
  Melee: Long sword        |     2 |    39 |    38 ||    79
         Punch             |       |       |     3 ||     3
   Cast: Sandblast         |       |     1 |       ||     1
    Use: Potion            |     1 |       |     1 ||     2
 Armour: Leather armour    |     1 |    10 |    17 ||    28
  Dodge: Dodged            |       |    22 |    32 ||    54

Table legend: (Time is in decaauts)
 A = Elapsed time spent in this place.
 B = Non-inter-level travel time spent in this place.
 C = Inter-level travel time spent in this place.
 D = Time resting spent in this place.
 E = Time spent auto-exploring this place.
 F = Levels seen in this place.
 G = Mean time per level.
                   A        B        C        D        E       F      G
               +--------+--------+--------+--------+--------+-----+--------+
         Total |    463 |    463 |      0 |    295 |      0 |   1 |  463.0 |
       Dungeon |    463 |    463 |      0 |    295 |      0 |   1 |  463.0 |
               +--------+--------+--------+--------+--------+-----+--------+

Top non-repeatable levels by time:
       D: 463 daAuts
